 Dungeon Crawl Stone Soup version 0.16-a0-3122-gccf308e (webtiles) character file.

430746 Gorice the Eclecticist (level 22, -3/130 HPs)
             Began as a Deep Elf Ice Elementalist on Dec 6, 2014.
             Was the Champion of Sif Muna.
             Killed by the air
             ... invoked by a spriggan air mage
             ... led by the Enchantress
              (14 damage)
             ... on level 5 of the Depths on Dec 13, 2014.
             The game lasted 14:20:56 (69467 turns).

Gorice the Eclecticist (Deep Elf Ice Elementalist) Turns: 69467, Time: 14:20:56

Health: -3/130     AC: 16    Str:  5    XL:     22   Next: 83%
Magic:  16/59      EV: 25    Int: 31    God:    Sif Muna [******]
Gold:   2615       SH:  8    Dex: 18    Spells: 14 memorised, 5 levels left

rFire  + . .     SeeInvis +     b - staff of power
rCold  + . .     Clarity  +     t - +3 leather armour "Ughaoduoth" {rF+ Dex+3}
rNeg   . . .     SustAb   .     h - +2 buckler
rPois  +         Gourm    .     A - +2 helmet of the Forest {+Blink rElec SInv}
rElec  +         Spirit   .     I - +0 cloak
rCorr  .         Warding  .     E - +0 pair of gloves
rMut   .         Stasis   .     P - +2 pair of boots {Fly}
MR     ++...                    M - amulet "Thauzoam" {Clar rF+}
Stlth  ++........               F - ring of poison resistance
                                L - ring of ice

@: about to teleport, deflect missiles, very resistant to hostile enchantments,
unstealthy
A: talons 1, see invisible, sense surroundings 1
a: Channel Energy, Forget Spell, Renounce Religion, Evoke Blink, Evoke Flight
}: 2/15 runes: serpentine, barnacled


You were on level 5 of the Depths.
You worshipped Sif Muna.
Sif Muna was exalted by your worship.
You were not hungry.

You visited 8 branches of the dungeon, and saw 47 of its levels.
You visited the Abyss 1 time.
You also visited: Labyrinth, Ice Cave and Volcano.

You collected 5979 gold pieces.
You spent 3364 gold pieces at shops.

Inventory:

Hand weapons
 a - a +2 eudemon blade of holy wrath
 B - a +0 blowgun
Missiles
 j - 20 steel javelins (quivered)
 v - 7 curare-tipped needles
 Y - 18 throwing nets
Armour
 h - a +2 buckler (worn)
 t - the +3 leather armour "Ughaoduoth" (worn) {rF+ Dex+3}
   (You found it on level 10 of the Dungeon)

   It affects your dexterity (+3).
   It protects you from fire.
 A - the +2 helmet of the Forest (worn) {+Blink rElec SInv}
   (You bought it in a shop on level 4 of the Orcish Mines)

   It insulates you from electricity.
   It enhances your eyesight.
   It lets you blink.
 E - a +0 pair of gloves (worn)
 I - a +0 cloak (worn)
 P - a +2 pair of boots of flying (worn)
Magical staves
 b - an uncursed staff of power (weapon)
Rods
 Q - a +3 rod of ignition (14/14)
   (You found it on level 5 of the Shoals)
Jewellery
 d - an uncursed ring of ice
 g - an uncursed ring of protection from fire
 k - an uncursed ring of sustain abilities
 o - an uncursed ring of protection from magic
 u - a +3 ring of evasion
 y - an uncursed amulet of warding
 F - a ring of poison resistance (right hand)
 J - an uncursed ring of positive energy
 L - a ring of ice (left hand)
 M - the amulet "Thauzoam" (around neck) {Clar rF+}
   (You found it in a labyrinth)

   [amulet of clarity]

   It provides mental clarity.
   It protects you from fire.
 U - an uncursed amulet of resist mutation
 V - an uncursed ring of protection from cold
Magical devices
 c - a wand of fire (9)
 f - a wand of paralysis (8)
 O - a wand of digging (6)
 R - a wand of disintegration (4)
 Z - a wand of teleportation (9)
Scrolls
 i - a scroll of summoning
 p - 12 scrolls of teleportation
 q - 14 scrolls of remove curse
 r - 18 scrolls of identify
 x - 7 scrolls of fog
 N - 7 scrolls of fear
Potions
 e - 2 potions of cancellation
 l - 3 potions of magic
 C - 2 potions of might
 G - 2 potions of resistance
 H - 6 potions of agility
 S - 8 potions of haste
 T - 15 potions of curing
Comestibles
 m - a chunk of flesh
 n - 12 fruits
 z - 16 meat rations


   Skills:
 - Level 11.0 Fighting
 - Level 14.0 Long Blades
 - Level 6.6 Armour
 + Level 18.8 Dodging
 - Level 2.4 Stealth
 - Level 5.0 Shields
 - Level 19.0 Spellcasting
 - Level 15.7 Conjurations
 - Level 14.0 Charms
 - Level 5.0 Summonings
 + Level 8.8 Translocations
 - Level 15.8 Ice Magic
 - Level 10.0 Air Magic
 - Level 11.3 Invocations
 - Level 9.0 Evocations


You had 5 spell levels left.
You knew the following spells:

 Your Spells              Type           Power        Failure   Level  Hunger
a - Freeze                Ice            ####         0%          1    None
b - Force Lance           Conj/Tloc      #######.     1%          4    None
c - Ozocubu's Armour      Chrm/Ice       ########     0%          3    None
d - Throw Icicle          Conj/Ice       ########     1%          4    None
e - Bolt of Cold          Conj/Ice       ########..   1%          6    None
f - Summon Ice Beast      Ice/Summ       #######.     1%          4    None
g - Iskenderun's Battles  Conj/Chrm      #######.     1%          5    None
h - Haste                 Chrm           #######.     1%          6    None
i - Freezing Cloud        Conj/Ice/Air   ########..   1%          6    None
A - Abjuration            Summ           ######....   1%          3    None
B - Summon Butterflies    Summ           ######..     1%          1    None
M - Deflect Missiles      Chrm/Air       #######...   1%          6    None
R - Regeneration          Chrm/Necr      ######....   1%          3    None
S - Swiftness             Chrm/Air       #######.     0%          2    None


Dungeon Overview and Level Annotations

Branches:
Dungeon (15/15)            Temple (1/1) D:7            Lair (8/8) D:10
 Shoals (5/5) Lair:3        Snake (5/5) Lair:5        Slime (0/6) Lair:8
    Orc (4/4) D:11            Elf (0/3) Orc:3        Vaults (4/5) D:14
  Crypt (0/3) Vaults:2     Depths (5/5) D:15
    Zot: Depths:5

Altars:
Ashenzari
Cheibriados
Dithmenos
Elyvilon
Fedhas
Gozag
Kikubaaqudgha
Makhleb
Nemelex Xobeh
Okawaru
Qazlal
Ru
Sif Muna
Trog
Vehumet
Xom
Yredelemnul
Zin
The Shining One
Beogh
Lugonu

Shops:
D:7 [   D:8 *   Orc:4 :*%[(   Shoals:2 [   Vaults:1 (   Vaults:3 (   Depths:1 (

Portals:
Hell: Depths:1 Depths:2 Depths:3 Depths:4
Abyss: Depths:4
Pandemonium: Depths:1 Depths:3
Ziggurat: Depths:1

Annotations:
D:13 runed door
Lair:2 exclusion: oklob plant
Depths:5 exclusion: 2 doors, the Enchantress


Innate Abilities, Weirdness & Mutations

You have sharp toenails.
You have supernaturally acute eyesight.
You passively map a small area around you.


Message History

Read which item? (? for menu, Esc to quit)
As you read the scroll of teleportation, it crumbles to dust.
You feel strangely unstable.
The spriggan defender is engulfed in freezing vapours.
The Enchantress completely misses you.
The spriggan air mage waves its arms in wide circles.
The air twists around and strikes you!
* * * LOW HITPOINT WARNING * * *
The spriggan defender hits you with an enchanted quick blade!
* * * LOW HITPOINT WARNING * * *
Something barely misses your ice beast.
Unknown command.
Unknown command.
Unknown command.
The Enchantress casts a spell.
You resist with almost no effort.
Your ice beast appears confused.
The spriggan air mage waves its arms in wide circles.
The air twists around and strikes you!
You die...

..###....#..#Y§§########....#....
'##.#########§§§#.....#.....#....
.....#, , #Y§Y#.....#...###....
.....#* . #§§§#'#...#...#.###..
.....# *#.. #§§##.#...'...#'#..#.
...### #.. #§.#..#...#...#...##.
#..# ##'##.§ii†#####'####'##..
#### #...##§#i......(#.....#+.
.#.#### #....†(#@(((....'(.......
......####.....).(##'#.#####.....
#.....#..##...(.###..#.# #####.
###......§#).)###...##.# ## .
###...§.).###....##..# ##.
C.,,#########.....##...## #.# . ,
, ,...##.....# #.# , , , , ,
..#.....### #.# # , , ,
##.....#.## #.#


You could see the Enchantress, a spriggan defender, a spriggan air mage and a
friendly ice beast (confused).

Vanquished Creatures
  Margery (Depths:5)
  Saint Roka (Depths:3)
  Mara (Depths:1)
  Mennas (Depths:4)
  Xtahua (Vaults:4)
  5 caustic shrikes (Depths:2)
  A tentacled monstrosity (Depths:2)
  Vashnia (Snake:2)
  A titan (Depths:2)
  A quicksilver dragon (Depths:2)
  2 liches (Depths:2)
  3 krakens
  2 tentacled starspawn (Abyss:2)
  An octopode crusher (Shoals:2)
  Agnes (Depths:1)
  4 sphinxes
  A shadow dragon (Depths:2)
  Ilsuiw (Shoals:5)
  A tengu reaver (Vaults:4)
  6 fire giants
  10 greater nagas
  A draconian scorcher (Depths:5)
  Aizul (Vaults:1)
  Louise (Snake:4)
  6 frost giants
  8 emperor scorpions
  A draconian knight (Depths:5)
  10 vault wardens
  An orc warlord (Orc:4)
  2 deep elf sorcerers
  A spriggan defender (Depths:5)
  Jorgrun (Depths:2)
  9 very ugly things
  18 stone giants
  3 deep elf demonologists
  A vampire knight (Depths:5)
  A mottled draconian (Depths:5)
  A white draconian (Depths:5)
  2 dire elephants
  A deep elf death mage (Vaults:3)
  5 merfolk javelineers
  9 merfolk impalers
  6 fire dragons
  4 minotaurs
  13 ettins
  11 ironheart preservers
  8 vault guards
  11 yaktaur captains
  5 rakshasas
  13 hydras
  A deep elf high priest (Depths:2)
  Harold (Orc:3)
  11 naga warriors
  6 ice dragons
  14 ogre magi
  8 great orbs of eyes
  3 spriggan air magi
  A satyr (Shoals:4)
  Erica (Lair:5)
  4 anacondas
  5 merfolk avatars
  5 merfolk aquamancers
  5 deep troll earth magi
  4 tengu warriors
  8 deep troll shamans
  3 death yaks (Lair:8)
  4 orc high priests (Orc:4)
  14 centaur warriors
  4 shock serpents
  4 spriggan berserkers
  14 naga sharpshooters
  Nergalle (Orc:4)
  4 thrashing horrors
  A fire crab (shapeshifter) (Vaults:4)
  2 shadow wraiths
  2 wretched stars (Abyss:2)
  3 salamander mystics (Snake:4)
  Erolcha (Orc:3)
  9 hell knights
  4 naga ritualists
  5 flayed ghosts
  A fire crab (Vaults:3)
  19 sea snakes
  A spatial maelstrom (Abyss:1)
  2 wizards
  20 deep trolls
  12 ball lightnings (Depths:1)
  6 iron trolls
  3 unseen horrors
  15 ironbrand convokers
  A starcursed mass (Abyss:2)
  5 giant orange brains
  4 ice statues
  17 orc knights
  10 hill giants
  2 lindwurms (shapeshifter)
  A deep elf summoner (Depths:3)
  17 harpies
  6 orc sorcerers
  6 mana vipers
  2 deep elf conjurers
  A shining eye (Lair:8)
  A shining eye (shapeshifter) (Depths:2)
  3 necromancers
  An oklob plant (Orc:1)
  4 wolf spiders
  A moth of wrath (shapeshifter) (Depths:2)
  6 water nymphs
  A shadow dragon skeleton (Depths:4)
  A salamander (shapeshifter) (Vaults:3)
  5 cyclopes
  33 ugly things
  8 salamanders
  2 worldbinders (Abyss:2)
  3 fauns (Shoals:4)
  A sphinx skeleton (Depths:4)
  17 griffons
  A water nymph (shapeshifter) (Vaults:1)
  3 red wasps
  A rust devil (Abyss:1)
  10 manticores
  10 sirens
  2 guardian serpents (Depths:3)
  6 elephants (Lair:7)
  Joseph (D:10)
  7 vault sentinels
  24 black mambas
  4 gargoyles
  A sixfirhy (Abyss:2)
  A smoke demon (Abyss:1)
  9 spiny frogs
  4 large abominations (Abyss:2)
  A dire elephant skeleton (Abyss:2)
  49 yaktaurs
  3 kobold demonologists
  10 komodo dragons
  3 centaur skeletons
  16 naga magi
  A yaktaur (shapeshifter) (Vaults:1)
  A demonic crawler (Abyss:2)
  2 efreet
  3 tengu conjurers
  4 deep elf priests
  4 wandering mushrooms (Lab)
  4 fire drakes
  4 ancient zymes (Abyss:2)
  2 freezing wraiths
  2 spriggan druids (Lair:8)
  A minotaur zombie (Lab)
  37 merfolk
  4 polar bears (Lair:8)
  Sonja (D:11)
  35 slime creatures
  12 wind drakes
  7 raiju (Abyss:2)
  6 harpy zombies
  7 blue devils (IceCv)
  A two-headed ogre (shapeshifter) (D:15)
  4 trolls
  5 blink frogs (Lair:3)
  A trapdoor spider zombie (D:13)
  26 two-headed ogres
  14 ravens
  A fire giant simulacrum (Vaults:3)
  15 snapping turtles
  5 boulder beetles
  A griffon zombie (Shoals:1)
  A vampire (Abyss:1)
  16 air elementals
  A basilisk (shapeshifter) (Depths:2)
  3 basilisks
  A hog (Volcano)
  3 shadows
  A trapdoor spider (Lair:5)
  A hungry ghost (D:15)
  20 water elementals
  5 redbacks
  18 spriggans
  A redback (shapeshifter) (Vaults:2)
  2 wyverns
  An elf simulacrum (Depths:4)
  4 chaos spawn
  7 deep elf magi
  27 yaks
  Grum (D:11)
  18 vampire mosquitoes
  A neqoxec (Abyss:2)
  6 wraiths
  A redback simulacrum (D:15)
  6 deep elf fighters
  A golden eye (shapeshifter) (Vaults:2)
  11 hippogriffs
  A steam dragon (D:10)
  13 insubstantial wisps (Depths:1)
  26 wolves
  2 spatial vortices (Abyss:1)
  3 mottled dragons
  3 wargs
  27 water moccasins
  11 porcupines
  12 ice beasts
  A sky beast (D:9)
  3 eyes of draining
  55 nagas
  52 orc warriors
  11 black bears
  4 phantoms
  A necrophage (D:9)
  4 yellow wasps
  29 centaurs
  2 boring beetles (Lair:8)
  64 ogres
  12 crocodiles
  4 boggarts (Depths:3)
  A brain worm (Lair:4)
  11 giant frogs
  2 wyvern zombies
  5 scorpions
  5 small abominations
  2 wyvern skeletons
  A water moccasin skeleton (D:7)
  A hippogriff zombie (Shoals:1)
  15 killer bees
  22 wights
  9 electric eels
  5 crimson imps
  5 jellies
  A quasit (Abyss:2)
  9 centaur zombies
  A draconian simulacrum (IceCv)
  45 orc wizards
  40 orc priests
  12 hounds
  A giant frog skeleton (D:8)
  7 iguanas
  5 troll simulacra (IceCv)
  16 worker ants
  A spriggan simulacrum (IceCv)
  42 sheep
  3 hound zombies
  A centaur simulacrum (IceCv)
  4 gnolls (D:7)
  2 worker ant zombies
  46 river rats
  25 adders
  2 naga simulacra (IceCv)
  3 shadow imps
  3 white imps (Abyss:2)
  2 worms
  A giant mite (D:2)
  A giant eyeball (D:9)
  An ufetubus (Abyss:1)
  An adder skeleton (D:4)
  An adder zombie (D:9)
  4 oozes
  217 orcs
  29 bats
  A bat skeleton (D:4)
  A bat zombie (Shoals:1)
  9 giant cockroaches
  20 hobgoblins
  23 jackals
  15 quokkas
  4 giant geckos
  10 giant newts
  A giant spore (D:13)
  18 goblins
  A jackal skeleton (D:8)
  17 kobolds
  An orc zombie (Orc:3)
  11 rats
  A spectral orc (Orc:4)
  10 ballistomycetes
  5 fungi (Lair:8)
  6 plants
  A starspawn tentacle (Abyss:2)
  A starspawn tentacle segment (Abyss:2)
  3 tentacles
2232 creatures vanquished.

Vanquished Creatures (collateral kills)
  A balrug (Abyss:2)
  A spriggan defender (Depths:5)
  3 spriggan air magi
  2 air elementals (Depths:4)
  A yak (D:10)
  4 wolves (Lair:2)
12 creatures vanquished.

Vanquished Creatures (others)
  A tentacled starspawn (Abyss:2)
  A fire giant (Vaults:3)
  A thrashing horror (Abyss:2)
  4 ball lightnings (Depths:1)
  A deep elf summoner (Vaults:4)
  A sixfirhy (Abyss:1)
  5 ice beasts
  2 yaks (Lair:8)
  A water elemental (Depths:3)
  A hog (Volcano)
  A chaos spawn (Abyss:1)
  2 small abominations
  A lost soul (Vaults:3)
  An ufetubus (Abyss:2)
  3 giant spores
  A lurking horror (Abyss:1)
  A rat (D:2)
  2 ballistomycetes (D:10)
  15 fungi
  5 plants
  3 starspawn tentacles (Abyss:2)
  30 starspawn tentacle segments (Abyss:2)
  15 tentacles
  156 tentacle segments
254 creatures vanquished.

Grand Total: 2498 creatures vanquished

Notes
Turn   | Place    | Note
--------------------------------------------------------------
     0 | D:1      | Gorice, the Deep Elf Ice Elementalist, began the quest for the Orb.
     0 | D:1      | Reached XP level 1. HP: 10/10 MP: 5/5
   281 | D:1      | Reached XP level 2. HP: 15/15 MP: 4/8
   287 | D:1      | Learned a level 2 spell: Throw Frost
   658 | D:2      | Reached XP level 3. HP: 19/19 MP: 1/11
   835 | D:2      | Found a sparkling altar of Nemelex Xobeh.
   910 | D:2      | Found a snail-covered altar of Cheibriados.
  1101 | D:2      | Found a sacrificial altar of Ru.
  1239 | D:2      | Reached XP level 4. HP: 22/24 MP: 10/14
  1332 | D:3      | Reached skill level 4 in Spellcasting
  2254 | D:3      | Reached XP level 5. HP: 24/28 MP: 9/18
  2625 | D:3      | Learned a level 3 spell: Ozocubu's Armour
  2848 | D:4      | Reached XP level 6. HP: 27/32 MP: 2/20
  2954 | D:4      | Noticed an ogre
  3433 | D:4      | Killed an ogre
  3433 | D:4      | Reached skill level 5 in Spellcasting
  3433 | D:4      | Reached skill level 5 in Ice Magic
  3533 | D:4      | Reached XP level 7. HP: 36/36 MP: 12/22
  3622 | D:5      | Entered Level 5 of the Dungeon
  3839 | D:5      | Reached skill level 5 in Conjurations
  3934 | D:4      | Learned a level 4 spell: Throw Icicle
  4294 | D:4      | Reached skill level 5 in Dodging
  4294 | D:4      | Reached skill level 6 in Ice Magic
  4820 | D:5      | Reached XP level 8. HP: 34/41 MP: 25/25
  4979 | D:6      | Found a radiant altar of Vehumet.
  4981 | D:6      | Found a glowing golden altar of the Shining One.
  5696 | D:6      | Reached skill level 7 in Ice Magic
  5887 | D:6      | Found a white marble altar of Elyvilon.
  5888 | D:6      | Found a basalt altar of Yredelemnul.
  6192 | D:6      | Learned a level 4 spell: Condensation Shield
  6197 | D:6      | Learned a level 4 spell: Summon Ice Beast
  6293 | D:7      | Found a staircase to the Ecumenical Temple.
  6303 | Temple   | Entered the Ecumenical Temple
  6360 | Temple   | Became a worshipper of Sif Muna the Loreminder
  6461 | D:7      | Found Shyc Yri's Armour Emporium.
  6941 | D:7      | Bought a +2 helmet of intelligence for 301 gold pieces
  7223 | D:8      | Reached XP level 9. HP: 45/45 MP: 19/27
  7339 | D:8      | Reached skill level 8 in Ice Magic
  7486 | D:8      | Found a shattered altar of Ashenzari.
  7580 | D:8      | Acquired Sif Muna's first power
  7693 | D:8      | Found an ancient bone altar of Kikubaaqudgha.
  7717 | D:8      | Found Thuant's General Store.
  7724 | D:8      | Bought a potion of heal wounds for 60 gold pieces
  8087 | D:9      | Acquired Sif Muna's second power
  8104 | D:9      | Reached skill level 9 in Ice Magic
  8105 | D:9      | Paralysed by a giant eyeball for 2 turns
  8452 | D:9      | Reached XP level 10. HP: 38/50 MP: 24/29
  8680 | D:9      | Reached skill level 10 in Ice Magic
  9307 | D:10     | Entered Level 10 of the Dungeon
  9389 | D:10     | Reached skill level 10 in Conjurations
  9463 | D:10     | Found a staircase to the Lair.
  9640 | D:10     | Found a glowing silver altar of Zin.
  9819 | D:10     | Noticed Joseph
  9824 | D:10     | Killed Joseph
  9824 | D:10     | Acquired Sif Muna's third power
  9939 | D:10     | Got a blackened leather armour
  9959 | D:10     | Identified the +3 leather armour "Ughaoduoth" {rF+ Dex+3} (You found it on level 10 of the Dungeon)
 10505 | D:10     | Reached skill level 11 in Ice Magic
 10708 | D:10     | Noticed a hill giant
 10717 | D:10     | Killed a hill giant
 10717 | D:10     | Reached XP level 11. HP: 54/54 MP: 24/32
 10751 | Lair:1   | Entered Level 1 of the Lair of Beasts
 10811 | Lair:1   | Learned a level 5 spell: Iskenderun's Battlesphere
 11105 | Lair:1   | Reached skill level 1 in Charms
 11105 | Lair:1   | Reached skill level 1 in Summonings
 11142 | Lair:1   | Got a twisted trident
 11171 | Lair:1   | Noticed a five-headed hydra
 11185 | Lair:1   | Killed a five-headed hydra
 11385 | Lair:1   | Reached skill level 10 in Spellcasting
 11599 | Lair:2   | Noticed a four-headed hydra
 11608 | Lair:2   | Killed a four-headed hydra
 11869 | Lair:2   | Noticed an eight-headed hydra
 11880 | Lair:2   | Killed an eight-headed hydra
 12072 | Lair:2   | Found a glowing silver altar of Zin.
 12257 | Lair:2   | Reached skill level 5 in Charms
 12260 | Lair:2   | Reached skill level 10 in Dodging
 12537 | Lair:3   | Identified the Disquisition on Cankerous Companions
 12693 | Lair:3   | Found a frozen archway.
 12710 | Lair:3   | Found a staircase to the Shoals.
 12731 | Lair:3   | Noticed a seven-headed hydra
 12807 | IceCv    | Entered an ice cave
 13001 | IceCv    | Noticed an ice statue
 13001 | IceCv    | Noticed an ice statue
 13241 | IceCv    | Noticed an ice statue
 13589 | IceCv    | Reached XP level 12. HP: 52/59 MP: 25/34
 13594 | IceCv    | Learned a level 3 spell: Abjuration
 13601 | IceCv    | Learned a level 6 spell: Haste
 13869 | IceCv    | Noticed a necromancer
 13881 | IceCv    | Killed a necromancer
 14040 | IceCv    | Killed an ice statue
 14079 | IceCv    | Got a steaming chain mail
 14081 | IceCv    | Got a crystal hand crossbow
 14138 | IceCv    | Killed an ice statue
 14138 | IceCv    | Received a gift from Sif Muna
 14139 | IceCv    | Identified Sif Muna's Incunabulum of Glacial Attacks (Sif Muna gifted it to you in an ice cave)
 14382 | IceCv    | Killed an ice statue
 14505 | Lair:3   | Killed a seven-headed hydra
 14703 | Lair:3   | Identified the +6 chain mail of Dim Light {rPois} (You found it in an ice cave)
 14724 | Lair:3   | Identified the +8 hand crossbow "Saciwad" {freeze, rN+} (You found it in an ice cave)
 14879 | Lair:2   | Reached skill level 12 in Dodging
 16156 | Lair:4   | Noticed a five-headed hydra
 16160 | Lair:4   | Killed a five-headed hydra
 16160 | Lair:4   | Reached skill level 5 in Summonings
 16195 | Lair:4   | Noticed an eight-headed hydra
 16199 | Lair:4   | Killed an eight-headed hydra
 16793 | Lair:5   | Reached skill level 13 in Dodging
 16820 | Lair:5   | Noticed a four-headed hydra
 16823 | Lair:5   | Killed a four-headed hydra
 16920 | Lair:5   | Gained mutation: You passively map a small area around you. [potion of beneficial mutation]
 17004 | Lair:5   | Found a staircase to the Snake Pit.
 17229 | Lair:5   | Noticed Erica
 17234 | Lair:5   | Killed Erica
 17234 | Lair:5   | Reached skill level 10 in Charms
 17336 | Lair:5   | Reached XP level 13. HP: 57/63 MP: 35/36
 17820 | Lair:6   | Found a labyrinth entrance.
 17838 | Lab      | Entered a labyrinth
 17955 | Lab      | Received a gift from Sif Muna
 17956 | Lab      | Identified Sif Muna's Papyrus of Attacks (Sif Muna gifted it to you in a labyrinth)
 18516 | Lab      | Got a heavily runed tin amulet
 18539 | Lab      | Identified the amulet "Thauzoam" {Clar rF+} (You found it in a labyrinth)
 18629 | Lab      | Reached skill level 14 in Dodging
 18647 | Lab      | Got a glittering pewter ring
 18649 | Lab      | Identified the ring "Fesing" {Str-2 Dex+2 Stlth+} (You found it in a labyrinth)
 18669 | Lab      | Got an ancient ivory amulet
 18671 | Lab      | Identified the amulet of Nobility {rCorr Contam Stlth--} (You found it in a labyrinth)
 20934 | Lair:1   | Learned a level 6 spell: Freezing Cloud
 21150 | Lair:8   | Entered Level 8 of the Lair of Beasts
 21152 | Lair:8   | Reached skill level 15 in Dodging
 21260 | Lair:8   | Reached skill level 1 in Air Magic
 21449 | Lair:8   | Found a dark tunnel.
 21464 | Volcano  | Entered a volcano
 21967 | Lair:8   | Found a staircase to the Slime Pits.
 22101 | Lair:8   | Reached XP level 14. HP: 60/68 MP: 37/37
 22188 | Lair:8   | Received a gift from Sif Muna
 22190 | Lair:8   | Identified Sif Muna's Catalogue of Aid (Sif Muna gifted it to you on level 8 of the Lair of Beasts)
 22629 | Lair:8   | Reached skill level 5 in Air Magic
 22681 | Lair:8   | Reached skill level 1 in Shields
 23041 | D:11     | Found a staircase to the Orcish Mines.
 23079 | D:11     | Noticed Grum
 23085 | D:11     | Killed Grum
 23090 | D:11     | Noticed Sonja
 23097 | D:11     | Killed Sonja
 25391 | D:13     | Reached skill level 5 in Shields
 25584 | Lair:1   | Learned a level 2 spell: Swiftness
 25820 | D:13     | Reached skill level 1 in Fighting
 26333 | D:13     | Found a runed door.
 26334 | D:13     | Found a burning altar of Makhleb.
 26346 | D:13     | Found a deep blue altar of Sif Muna.
 26359 | D:13     | Found a shimmering altar of Xom.
 26392 | D:13     | Found a glowing silver altar of Zin.
 26412 | D:13     | Found a blossoming altar of Fedhas.
 26443 | D:13     | Found a shadowy altar of Dithmenos.
 26696 | D:14     | Learned a level 1 spell: Summon Butterflies
 26876 | D:14     | Found a gate to the Vaults.
 27357 | D:15     | Entered Level 15 of the Dungeon
 27679 | D:15     | Reached XP level 15. HP: 66/80 MP: 35/38
 27817 | D:15     | Found an opulent altar of Gozag.
 27846 | D:15     | Received a gift from Sif Muna
 27851 | D:15     | Identified Ghoam's Handbook of Freezing Augmentations (Sif Muna gifted it to you on level 15 of the Dungeon)
 27855 | D:15     | Learned a level 2 spell: Repel Missiles
 28195 | D:15     | Found a glowing golden altar of the Shining One.
 28385 | D:15     | Found a staircase to the Depths.
 28714 | Lair:1   | Learned a level 3 spell: Regeneration
 28761 | Orc:1    | Entered Level 1 of the Orcish Mines
 29345 | Orc:1    | Reached skill level 5 in Fighting
 29480 | Orc:2    | Found a radiant altar of Vehumet.
 30328 | Orc:3    | Noticed Erolcha
 30333 | Orc:3    | Killed Erolcha
 30349 | Orc:3    | Identified the Guide on Transformation and Evil
 30561 | Orc:3    | Found a burning altar of Makhleb.
 30702 | Orc:3    | Noticed Harold
 30707 | Orc:3    | Killed Harold
 30845 | Orc:3    | Found a staircase to the Elven Halls.
 31064 | Orc:4    | Entered Level 4 of the Orcish Mines
 31602 | Orc:4    | Upgraded the game from 0.16-a0-2989-gec99a28 to 0.16-a0-3008-g8433e14
 31693 | Orc:4    | Found Graan's General Store.
 31695 | Orc:4    | Found Hobig's Book Boutique.
 31697 | Orc:4    | Found Smaufuimp's Antique Armour Shop.
 31697 | Orc:4    | Found Camucief's Antique Weapon Shop.
 31842 | Orc:4    | Found Seosusiore's Food Shoppe.
 32141 | Orc:4    | Noticed Nergalle
 32145 | Orc:4    | Killed Nergalle
 32793 | Orc:4    | Found a roughly hewn altar of Beogh.
 32934 | Orc:4    | Bought the +2 helmet of the Forest {+Blink rElec SInv} for 555 gold pieces
 33210 | Shoals:1 | Entered Level 1 of the Shoals
 33217 | Shoals:1 | Reached skill level 15 in Spellcasting
 33995 | Shoals:1 | Gained mutation: You have supernaturally acute eyesight. [potion of beneficial mutation]
 34593 | Shoals:2 | Identified a -3 rod of inaccuracy (12/12) (You found it on level 2 of the Shoals)
 34616 | Shoals:2 | Noticed an octopode crusher
 34624 | Shoals:2 | Killed an octopode crusher
 34678 | Shoals:2 | Reached XP level 16. HP: 94/94 MP: 40/40
 34842 | Shoals:2 | Received a gift from Sif Muna
 34933 | Shoals:2 | Found Boiloboh's Antique Armour Shop.
 36465 | Shoals:4 | Reached skill level 10 in Fighting
 37610 | Shoals:2 | Bought a twisted quicksilver dragon armour for 2210 gold pieces
 37620 | Shoals:2 | Identified the quicksilver dragon armour of Fallacy {rPois MR+} (You bought it in a shop on level 2 of the Shoals)
 37620 | Shoals:2 | Bought a faintly humming leather armour for 238 gold pieces
 37630 | Shoals:2 | Identified the cursed -3 leather armour of Qazlal's Fury {rC+} (You bought it in a shop on level 2 of the Shoals)
 37943 | Snake:1  | Entered Level 1 of the Snake Pit
 37961 | Snake:1  | Reached skill level 1 in Invocations
 38014 | Snake:1  | Reached skill level 10 in Air Magic
 38530 | Snake:2  | Noticed Vashnia
 38633 | Snake:2  | Killed Vashnia
 38633 | Snake:2  | Reached XP level 17. HP: 95/104 MP: 24/40
 38693 | Snake:2  | Gained mutation: You have sharp toenails. [potion of beneficial mutation]
 38928 | Snake:2  | Reached skill level 5 in Invocations
 39351 | Snake:3  | Received a gift from Sif Muna
 39352 | Snake:3  | Identified Sif Muna's Volume of Helpful Lightness (Sif Muna gifted it to you on level 3 of the Snake Pit)
 39892 | Snake:4  | Reached skill level 16 in Spellcasting
 39897 | Snake:4  | Noticed Louise
 39940 | Snake:4  | Killed Louise
 40770 | Shoals:5 | Entered Level 5 of the Shoals
 40925 | Shoals:5 | Reached skill level 1 in Armour
 41358 | Shoals:5 | Got a barnacled rune of Zot
 41569 | Shoals:5 | Noticed Ilsuiw
 41577 | Shoals:5 | Killed Ilsuiw
 41752 | Shoals:5 | Identified a cursed +3 rod of ignition (14/14) (You found it on level 5 of the Shoals)
 42496 | Shoals:5 | Got a faintly glowing scimitar
 42497 | Shoals:5 | Identified the +3 scimitar "Thing" {freeze, SInv} (You found it on level 5 of the Shoals)
 42624 | Shoals:5 | Reached XP level 18. HP: 110/110 MP: 41/41
 43220 | Snake:5  | Entered Level 5 of the Snake Pit
 43652 | Snake:5  | Reached skill level 10 in Invocations
 43872 | Snake:5  | Reached skill level 5 in Armour
 44301 | Snake:5  | Got a serpentine rune of Zot
 45015 | Lair:1   | Learned a level 6 spell: Bolt of Cold
 45171 | Vaults:1 | Entered Level 1 of the Vaults
 45469 | Vaults:1 | Found Arummoli's Weapon Boutique.
 45945 | Vaults:1 | Noticed Aizul
 45958 | Vaults:1 | Killed Aizul
 46982 | Vaults:2 | Reached skill level 17 in Dodging
 47211 | Vaults:2 | Reached skill level 1 in Long Blades
 48196 | Vaults:2 | Reached XP level 19. HP: 114/114 MP: 24/42
 48198 | Vaults:2 | Reached skill level 5 in Long Blades
 48389 | Vaults:2 | Cast into the Abyss (an ogre mage)
 48745 | Abyss:1  | Noticed a bone dragon
 48799 | Abyss:1  | Noticed a bone dragon
 48876 | Abyss:1  | Paralysed by you for 5 turns
 49387 | Abyss:2  | Found a corrupted altar of Lugonu.
 49418 | Abyss:2  | Found a corrupted altar of Lugonu.
 49767 | Abyss:2  | Found a corrupted altar of Lugonu.
 49801 | Abyss:2  | Noticed a bone dragon
 50171 | Vaults:2 | Escaped the Abyss
 51220 | Vaults:2 | Found a staircase to the Crypt.
 51220 | Vaults:2 | Found a basalt altar of Yredelemnul.
 51221 | Vaults:2 | Found an ancient bone altar of Kikubaaqudgha.
 51663 | Vaults:3 | Received a gift from Sif Muna
 51671 | Vaults:3 | Learned a level 4 spell: Sticky Flame
 51761 | Vaults:3 | Found Cyvoson's Antique Weapon Shoppe.
 52498 | Vaults:3 | Reached skill level 10 in Long Blades
 53454 | Vaults:4 | Reached XP level 20. HP: 120/120 MP: 43/43
 53749 | Vaults:4 | Noticed Xtahua
 53754 | Vaults:4 | Killed Xtahua
 53984 | Vaults:4 | Paralysed by a sphinx for 4 turns
 54564 | Vaults:4 | Upgraded the game from 0.16-a0-3008-g8433e14 to 0.16-a0-3041-gb38e1a0
 55427 | Depths:1 | Entered Level 1 of the Depths
 55443 | Depths:1 | Found a gateway to a ziggurat.
 55600 | Depths:1 | Found Theohech's Antique Weapon Boutique.
 55658 | Depths:1 | Noticed Mara
 55662 | Depths:1 | Killed Mara
 55662 | Depths:1 | Received a gift from Sif Muna
 55663 | Depths:1 | Identified Stigamaw's Incunabulum of Displaced Enhancements (Sif Muna gifted it to you on level 1 of the Depths)
 56183 | Depths:1 | Found a one-way gate leading to the halls of Pandemonium.
 56185 | Depths:1 | Found a gateway to Hell.
 56563 | Depths:1 | Noticed Agnes
 56570 | Depths:1 | Killed Agnes
 57622 | Depths:2 | Reached skill level 18 in Spellcasting
 57826 | Depths:2 | Reached XP level 21. HP: 124/124 MP: 38/44
 57840 | Depths:2 | Reached skill level 1 in Evocations
 58866 | Depths:2 | Noticed Jorgrun
 58870 | Depths:2 | Killed Jorgrun
 59829 | Depths:2 | Reached skill level 5 in Evocations
 60387 | Depths:2 | Received a gift from Sif Muna
 60727 | Depths:2 | Identified Sif Muna's Incunabulum of Confrontation (Sif Muna gifted it to you on level 2 of the Depths)
 60932 | Depths:2 | Reached skill level 15 in Ice Magic
 60971 | Depths:2 | Reached skill level 15 in Conjurations
 62014 | Depths:2 | Got a crude ring mail
 62376 | Depths:2 | Identified the Incunabulum of Displaced Evil (You found it on level 2 of the Depths)
 62416 | Depths:2 | Identified the -2 ring mail of the First Beds {rC+} (You took it off a deep elf high priest on level 2 of the Depths)
 62660 | D:15     | Upgraded the game from 0.16-a0-3041-gb38e1a0 to 0.16-a0-3062-g2c62648
 62843 | Lair:1   | Upgraded the game from 0.16-a0-3062-g2c62648 to 0.16-a0-3107-g0c274cb
 62849 | Lair:1   | Learned a level 4 spell: Force Lance
 62856 | Lair:1   | Learned a level 6 spell: Deflect Missiles
 63543 | Depths:3 | Noticed Saint Roka
 63550 | Depths:3 | Killed Saint Roka
 63550 | Depths:3 | Reached skill level 1 in Translocations
 63550 | Depths:3 | Reached XP level 22. HP: 101/130 MP: 20/45
 63555 | Depths:3 | Received a gift from Sif Muna
 65689 | Depths:4 | Reached skill level 5 in Translocations
 66280 | Depths:4 | Noticed Mennas
 66302 | Depths:4 | Killed Mennas
 66399 | Depths:4 | Found a corrupted altar of Lugonu.
 66399 | Depths:4 | Found a one-way gate to the infinite horrors of the Abyss.
 66641 | Depths:2 | Reached skill level 19 in Spellcasting
 67193 | Depths:4 | Received a gift from Sif Muna
 67206 | Depths:4 | Identified Sif Muna's Disquisition on Creative Arcane Weapons (Sif Muna gifted it to you on level 4 of the Depths)
 67515 | Depths:5 | Entered Level 5 of the Depths
 67751 | Depths:5 | Noticed Margery
 67753 | Depths:5 | Killed Margery
 68817 | Depths:5 | Upgraded the game from 0.16-a0-3107-g0c274cb to 0.16-a0-3122-gccf308e
 68963 | Depths:5 | Noticed the Enchantress
 69467 | Depths:5 | Killed from afar by a spriggan air mage

Action                   |  1- 3 |  4- 6 |  7- 9 | 10-12 | 13-15 | 16-18 | 19-21 | 22-24 || total
-------------------------+-------+-------+-------+-------+-------+-------+-------+-------++-------
Melee: Short sword       |     8 |       |       |       |       |       |       |       ||     8
       Dagger            |       |    55 |   136 |   207 |    21 |    30 |       |       ||   449
       Staff             |       |       |       |       |     4 |     1 |     5 |     1 ||    11
       Rapier            |       |       |       |       |       |     2 |       |       ||     2
       Scimitar          |       |       |       |       |       |       |   138 |    23 ||   161
       Eudemon blade     |       |       |       |       |       |       |       |    11 ||    11
 Fire: Hunting sling     |       |    53 |    73 |       |       |       |       |       ||   126
       Blowgun           |       |       |       |     3 |       |       |       |       ||     3
       Hand crossbow     |       |       |       |    46 |     8 |       |       |       ||    54
Throw: Stone             |    31 |       |       |       |       |       |       |       ||    31
       Javelin           |       |       |       |       |     1 |       |       |     4 ||     5
 Cast: Freeze            |    52 |    65 |    89 |    78 |   129 |    21 |     8 |     2 ||   444
       Throw Frost       |     3 |    32 |    34 |    49 |   246 |    30 |       |       ||   394
       Throw Icicle      |       |       |    87 |   237 |   479 |   605 |   530 |   179 ||  2117
       Ozocubu's Armour  |       |       |     9 |    17 |    27 |    65 |    58 |    10 ||   186
       Summon Ice Beast  |       |       |     1 |     6 |     6 |       |     1 |    21 ||    35
       Condensation Shie |       |       |     1 |     9 |     5 |       |       |       ||    15
       Iskenderun's Batt |       |       |       |    43 |   106 |    91 |    63 |     2 ||   305
       Abjuration        |       |       |       |    23 |     1 |       |       |       ||    24
       Freezing Cloud    |       |       |       |       |    74 |   138 |   162 |    69 ||   443
       Regeneration      |       |       |       |       |     2 |    15 |    38 |     7 ||    62
       Repel Missiles    |       |       |       |       |     2 |     7 |     4 |       ||    13
       Haste             |       |       |       |       |     1 |     3 |     9 |     1 ||    14
       Swiftness         |       |       |       |       |     1 |       |     5 |       ||     6
       Bolt of Cold      |       |       |       |       |       |     4 |   144 |    23 ||   171
       Sticky Flame      |       |       |       |       |       |       |     1 |       ||     1
       Force Lance       |       |       |       |       |       |       |     2 |    36 ||    38
       Deflect Missiles  |       |       |       |       |       |       |     1 |       ||     1
Invok: Channel Energy    |       |       |    29 |   211 |   615 |   826 |   712 |   201 ||  2594
       Forget Spell      |       |       |       |       |     1 |       |     3 |       ||     4
 Abil: Evoke Flight      |       |       |       |       |     3 |       |     1 |     2 ||     6
       Evoke Blink       |       |       |       |       |       |       |     3 |     3 ||     6
       Stop Flying       |       |       |       |       |       |       |     1 |     3 ||     4
Evoke: Wand              |       |       |       |       |     6 |       |     1 |       ||     7
  Use: Scroll            |     2 |     6 |     9 |    10 |    16 |     6 |    15 |     5 ||    69
       Potion            |       |     1 |       |     2 |     6 |     1 |     8 |     3 ||    21
 Stab: Sleeping          |     5 |     3 |       |     2 |       |       |       |       ||    10
  Eat: Chunk             |     1 |     7 |    21 |    45 |   148 |   166 |   136 |    39 ||   563
       Meat ration       |       |       |     1 |     1 |       |       |     4 |     2 ||     8
       Pizza             |       |       |     1 |     3 |       |     1 |     1 |       ||     6
       Beef jerky        |       |       |       |     1 |     1 |       |     3 |       ||     5
       Bread ration      |       |       |       |     2 |     2 |     1 |     1 |       ||     6
       Fruit             |       |       |       |       |     1 |     1 |     1 |       ||     3
